 Dungeon Sprint DCSS version 0.22.1-1-ga44c0e56f4 (webtiles) character file.

22465 MuseOD the Unseen (level 12, -3/70 (71) HPs)
             Began as a Spriggan Enchanter on Sept 30, 2018.
             Was the Champion of Dithmenos.
             Slain by an azure jelly (38 damage)
             ... in the Dungeon (Sprint III: "The Ten Rune Challenge").
             The game lasted 00:11:35 (4095 turns).

MuseOD the Unseen (Spriggan Enchanter)              Turns: 4095, Time: 00:11:35

HP:   -3/70 (71)    AC:  2    Str:  4    XL:     12   Next: 63%
MP:   17/32         EV: 18    Int: 22    God:    Dithmenos [******]
Gold: 55            SH:  0    Dex: 16    Spells: 33/42 levels left

rFire    . . .     SeeInvis +   a - +1 dagger
rCold    . . .     Gourm    .   (shield restricted)
rNeg     . . .     Faith    .   b - +0 robe
rPois    .         Spirit   .   q - +0 hat {MR+}
rElec    .         Reflect  .   (no cloak)
rCorr    .         Harm     .   (gloves unavailable)
MR       +++..     NoTele   +   (boots unavailable)
Stlth    ++++++++++             (no amulet)
HPRegen  0.21/turn              (no ring)
MPRegen  0.23/turn              (no ring)

@: wreathed by umbra, very quick
A: very small, unfitting armour, see invisible, herbivore, speed 3, slow
metabolism 2
a: Shadow Step, Shadow Form, Renounce Religion


You were in the Dungeon.
You worshipped Dithmenos.
Dithmenos was exalted by your worship.
You were hungry.

You visited 1 branch You collected 55 gold pieces.

Inventory:

Hand Weapons
 a - a +1 dagger (weapon)
Armour
 b - a +0 robe (worn)
 q - a +0 hat of magic resistance (worn)
Scrolls
 j - a scroll of enchant weapon {unknown}
 m - 2 scrolls of torment {unknown}
 n - 3 scrolls of remove curse {unknown}
 p - a scroll of enchant armour {unknown}
Potions
 c - a potion of agility {unknown}
 e - 2 potions of curing
 f - 3 potions of heal wounds
 g - 2 potions of haste
 h - 2 potions of magic
 i - a potion of berserk rage
 k - a potion of degeneration {unknown}
 l - 4 potions of mutation {unknown}
 o - 3 potions of flight
Comestibles
 d - 3 rations


   Skills:
 + Level 11.9 Fighting
 * Level 20.2 Short Blades
 - Level 3.0 Dodging
 + Level 20.4 Stealth
 + Level 15.7 Spellcasting
 + Level 14.2 Hexes


You had 33 spell levels left.
You knew the following spells:

 Your Spells              Type           Power        Failure   Level  Hunger
a - Corona                Hex            ######.      0%          1    None
b - Ensorcelled Hibernat  Hex/Ice        #####.       1%          2    None
c - Confuse               Hex            ######..     1%          3    None
d - Dazzling Spray        Conj/Hex       #####.       1%          3    None

Your spell library contained the following spells:

 Spells                   Type           Power        Failure   Level  Hunger
 Confusing Touch          Hex            ######       0%          1    None
 Tukima's Dance           Hex            ######..     1%          3    None
 Animate Skeleton         Necr           N/A          3%          1    None
 Apportation              Tloc           ###...       3%          1    None
 Summon Small Mammal      Summ           ###.         3%          1    None


Dungeon Overview and Level Annotations

Branches:
Dungeon (1/1)

Altars:
Dithmenos
Elyvilon
Kikubaaqudgha
Okawaru
Ru
Sif Muna
Trog
Uskayaw
Vehumet
Wu Jian
Yredelemnul
Zin
The Shining One
Beogh

Shops:
D }!


Innate Abilities, Weirdness & Mutations

You are very small and have problems with some larger weapons.
You are too small for most types of armour.
You have supernaturally acute eyesight. (SInv)
You are a herbivore.
You cover ground extremely quickly.
You need to consume almost no food.


Message History

The azure jelly eats the door!
The azure jelly barely misses you. The azure jelly completely misses you.
The azure jelly hits you! x2
You strike the helpless azure jelly from behind!
You perforate the azure jelly like a sieve!!!
The azure jelly is severely wounded.
You barely miss the azure jelly.
The azure jelly is severely wounded.
The azure jelly hits the azure jelly.
The azure jelly freezes the azure jelly!
The azure jelly resists.
The azure jelly hits the azure jelly.
The azure jelly freezes the azure jelly!
The azure jelly resists.
The azure jelly hits the azure jelly. x2
You hit the azure jelly but do no damage.
The azure jelly is severely wounded.
You hit the azure jelly but do no damage.
The azure jelly is severely wounded.
Your shadow hits the azure jelly but does no damage.
The azure jelly hits you! The azure jelly freezes you!!!
Ouch! That really hurt!
You die...

#..# #.. ####....#___# +).
▓▓▓▓▓▓▓▓▓▓▓▓▓▓▓▓▓▓▓▓▓▓ ▓▓▓
▓...'.≈§≈≈.≈≈≈♣♣.....♣♣♣♣≈≈
▓...#≈≈≈≈§§.≈≈♣♣.≈≈≈≈'♣♣'♣≈
▓.P.#..†§§≈§≈≈≈'...÷÷#.≈♣♣♣
▓...#≈.§§§.≈≈.♣♣♣♣♣♣♣#..♣♣
▓..[#≈≈≈≈≈≈≈≈≈♣ ###'♣♣
▓##'####J#######♣ ♣♣♣♣.##
▓......JJJ@.)...♣♣ ♣...##.
▓#'#############'♣ ♣♣.##.#
▓...#≈P.†.†......♣ ♣..#.#
▓..J+≈≈...########♣♣ ♣♣.##.
▓...#≈≈≈†..†.....PP♣ ♣♣.##.
▓...#≈≈≈≈P.†PP....P♣ ♣.....
#+#############+#### ######


You could see 4 azure jellies.

Vanquished Creatures
  Rupert (D)
  Gastronok (D)
  Dowan (D)
  2 dire elephants (D)
  A yaktaur captain (D)
  An ice dragon (D)
  Erolcha (D)
  2 hydras (D)
  4 death yaks (D)
  Urug (D)
  A death drake (D)
  A lindwurm (D)
  A deep elf mage (D)
  2 elephants (D)
  2 black mambas (D)
  2 spiny frogs (D)
  Duvessa (D)
  2 yaktaurs (D)
  A komodo dragon (D)
  A rime drake (D)
  3 wandering mushrooms (D)
  2 tyrant leeches (D)
  8 blink frogs (D)
  A shadow (D)
  5 redbacks (D)
  A swamp drake (D)
  A necrophage (D)
  5 two-headed ogres (D)
  A water elemental (D)
  A scorpion (D)
  An electric eel (D)
  A jelly (D)
  An orc priest (D)
  A wizard (D)
  A necromancer (D)
  3 humans (D)
  A kobold demonologist (D)
  2 oozes (D)
  2 swamp drake simulacra (D)
  2 rats (D)
72 creatures vanquished.

Vanquished Creatures (others)
  2 draconian scorchers (D)
  A skeletal warrior (D)
  6 hellions (D)
  3 yaktaurs (D)
  2 orc priests (D)
  6 ball lightnings (D)
  3 ballistomycetes (D)
  2 ballistomycete spores (D)
  21 plants (D)
46 creatures vanquished.

Grand Total: 118 creatures vanquished

Notes
Turn   | Place    | Note
-------+----------+-------------------------------------------
     0 | D        | MuseOD the Spriggan Enchanter began the quest for the Orb.
     0 | D        | Reached XP level 1. HP: 9/9 MP: 5/5
    10 | D        | Reached skill level 1 in Fighting
    10 | D        | Reached skill level 5 in Stealth
    12 | D        | Reached XP level 2. HP: 14/14 MP: 6/6
    20 | D        | Learned a level 2 spell: Ensorcelled Hibernation
   118 | D        | Noticed a scorpion
   123 | D        | Killed a scorpion
   123 | D        | Reached skill level 5 in Short Blades
   123 | D        | Reached XP level 3. HP: 19/19 MP: 5/8
   124 | D        | Killed a hellion
   160 | D        | Reached XP level 4. HP: 16/24 MP: 2/9
   162 | D        | Killed a hellion
   165 | D        | Learned a level 3 spell: Confuse
   168 | D        | Killed a hellion
   208 | D        | Killed a white draconian scorcher
   221 | D        | Killed a hellion
   227 | D        | Killed a hellion
   229 | D        | Killed a hellion
   293 | D        | Killed a white draconian scorcher
   370 | D        | Noticed a water elemental
   373 | D        | Killed a water elemental
   373 | D        | Reached XP level 5. HP: 29/29 MP: 9/12
   404 | D        | Learned a level 3 spell: Dazzling Spray
   405 | D        | Found a basalt altar of Yredelemnul.
   405 | D        | Found a shadowy altar of Dithmenos.
   405 | D        | Found a sacrificial altar of Ru.
   405 | D        | Noticed a necrophage
   414 | D        | Became a worshipper of Dithmenos the Shadowed
   475 | D        | Killed a yaktaur
   660 | D        | Killed a necrophage
   660 | D        | Reached skill level 5 in Spellcasting
   708 | D        | Killed a yaktaur
   734 | D        | Found a glowing silver altar of Zin.
   734 | D        | Found a glowing golden altar of the Shining One.
   734 | D        | Found a white marble altar of Elyvilon.
   734 | D        | Noticed a deep elf mage
   746 | D        | Killed a deep elf mage
   746 | D        | Reached XP level 6. HP: 19/35 MP: 2/17
   746 | D        | Reached XP level 7. HP: 21/39 MP: 2/19
   891 | D        | Found a radiant altar of Vehumet.
   892 | D        | Found a deep blue altar of Sif Muna.
   892 | D        | Found an ancient bone altar of Kikubaaqudgha.
   893 | D        | Reached * piety under Dithmenos
   908 | D        | Found a hide-covered altar of Uskayaw.
   908 | D        | Found a roughly hewn altar of Beogh.
   908 | D        | Found an iron altar of Okawaru.
   908 | D        | Found a bloodstained altar of Trog.
   908 | D        | Found an ornate altar of the Wu Jian Council.
   908 | D        | Noticed a human
   909 | D        | Noticed a human
   923 | D        | Killed a human
   925 | D        | Killed a human
   925 | D        | Reached ** piety under Dithmenos
  1137 | D        | Noticed a shadow
  1139 | D        | Killed a shadow
  1139 | D        | Reached XP level 8. HP: 44/44 MP: 21/21
  1177 | D        | Reached *** piety under Dithmenos
  1210 | D        | Reached skill level 5 in Hexes
  1305 | D        | Killed a yaktaur
  1399 | D        | Noticed a two-headed ogre
  1402 | D        | Killed a two-headed ogre
  1406 | D        | Noticed a two-headed ogre
  1406 | D        | Noticed Erolcha
  1408 | D        | Killed Erolcha
  1408 | D        | Reached skill level 10 in Spellcasting
  1408 | D        | Reached XP level 9. HP: 50/50 MP: 22/24
  1409 | D        | Killed a two-headed ogre
  1423 | D        | Reached **** piety under Dithmenos
  1428 | D        | Noticed Dowan
  1428 | D        | Noticed Duvessa
  1432 | D        | Killed Duvessa
  1432 | D        | Reached skill level 15 in Stealth
  1440 | D        | Killed Dowan
  1440 | D        | Reached skill level 15 in Short Blades
  1440 | D        | Reached XP level 10. HP: 43/57 MP: 22/26
  1517 | D        | Reached ***** piety under Dithmenos
  1625 | D        | Noticed a yaktaur captain
  1880 | D        | HP: 1/57 [yaktaur captain/bolt (30)]
  2177 | D        | Killed a yaktaur captain
  2357 | D        | Reached skill level 10 in Hexes
  2443 | D        | Noticed a spiny frog
  2443 | D        | Noticed a spiny frog
  2450 | D        | Killed a spiny frog
  2457 | D        | Killed a spiny frog
  2629 | D        | Reached ****** piety under Dithmenos
  2652 | D        | Reached XP level 11. HP: 46/62 MP: 20/29
  2722 | D        | Noticed a lindwurm
  2725 | D        | Killed a lindwurm
  2725 | D        | Reached skill level 10 in Fighting
  2737 | D        | Noticed Urug
  2739 | D        | Killed Urug
  2776 | D        | Killed a skeletal warrior
  2806 | D        | Noticed an eight-headed hydra
  2806 | D        | Noticed a seven-headed hydra
  2811 | D        | Killed a seven-headed hydra
  2812 | D        | Killed an eight-headed hydra
  2819 | D        | Noticed a death drake
  2822 | D        | Killed a death drake
  2869 | D        | Noticed an ice dragon
  3053 | D        | Killed an ice dragon
  3063 | D        | Found Wiam Teo's Gadget Emporium.
  3063 | D        | Found Javuntul's Distillery.
  3334 | D        | Noticed a dire elephant
  3334 | D        | Noticed a dire elephant
  3334 | D        | Noticed Gastronok
  3391 | D        | Killed a dire elephant
  3512 | D        | Killed Gastronok
  3512 | D        | Reached XP level 12. HP: 46/69 MP: 26/31
  3799 | D        | Killed a dire elephant
  3972 | D        | Noticed an azure jelly
  3972 | D        | Noticed an azure jelly
  3972 | D        | Noticed an azure jelly
  3973 | D        | Noticed an azure jelly
  3976 | D        | Noticed Rupert
  3978 | D        | Killed Rupert
  3978 | D        | Reached skill level 15 in Spellcasting
  3984 | D        | Noticed a death yak
  3985 | D        | Noticed a death yak
  3986 | D        | Killed a death yak
  3987 | D        | Noticed a death yak
  3987 | D        | Noticed a death yak
  3989 | D        | Killed a death yak
  3991 | D        | Killed a death yak
  3993 | D        | Killed a death yak
  4095 | D        | Slain by an azure jelly

Skill      XL: |  1  2  3  4  5  6  7  8  9 10 11 12 |
---------------+-------------------------------------+-----
Fighting       | 1 2 3 6 7 9 11 | 11.9
Short Blades   | 3 5 6 7 11 12 13 15 16 19 20 | 20.2
Stealth        | 5 7 8 11 13 14 16 17 19 20 | 20.4
Spellcasting   | 4 7 8 10 11 13 14 15 | 15.7
Hexes          | 4 6 9 10 13 14 | 14.2
Dodging        | |  3.0

Action                   |  1- 3 |  4- 6 |  7- 9 | 10-12 || total
-------------------------+-------+-------+-------+-------++-------
Melee: Dagger            |    13 |    14 |    38 |    96 ||   161
 Cast: Ensorcelled Hiber |     4 |       |       |     6 ||    10
       Confuse           |       |     8 |    10 |    47 ||    65
       Dazzling Spray    |       |     4 |     1 |     8 ||    13
Invok: Shadow Step       |       |       |       |     4 ||     4
  Use: Scroll            |       |       |       |     1 ||     1
 Stab: Sleeping          |     5 |     1 |    10 |    22 ||    38
       Confused          |       |     3 |     7 |    17 ||    27
       Invisible         |       |     1 |     2 |     5 ||     8
  Eat: Ration            |       |       |       |     1 ||     1
Armor: Robe              |     3 |     1 |     1 |     1 ||     6
Dodge: Dodged            |     5 |    18 |    15 |    36 ||    74
